Map: Acid Plant LE

Players

ILIEKEGGPIE - Winner!

  • Race: Protoss Protoss
  • League: Platinum
  • Spawn Location: 5:00

LaserGurkan

  • Race: Zerg Zerg
  • League: Platinum
  • Spawn Location: 11:00

VOD

Have the link to the VOD?

Description

Time

  • Played on: April 10, 2018, 9:46 a.m.
  • Length: 17:57
Show
View Real Time Build Order
Export as new Build Order

ILIEKEGGPIE Protoss - Winner!

Build Orders:  

Get SALT Encoding   

  12  0:01  Probe  
  13  0:13  Probe  
  14  0:27  Probe, Pylon  
  15  0:45  Probe  
  16  0:57  Probe  
  16  0:58  Assimilator, Gateway  
  17  1:09  Probe  
  18  1:17  Forge  
  18  1:21  Probe  
  19  1:39  Gateway  
  19  1:50  Nexus  
  19  2:04  Cybernetics Core  
  19  2:10  Assimilator, Probe  
  20  2:24  Photon Cannon  
  20  2:37  Probe  
  20  2:42  Warp Gate  
  20  2:49  Probe  
  22  2:51  Stalker (Chrono Boost)  
  22  3:01  Probe  
  25  3:06  Probe  
  25  3:07  Stalker (Chrono Boost)  
  26  3:13  Probe  
  27  3:31  Pylon  
  27  3:38  Protoss Ground Weapons Level 1 (Chrono Boost)  
  27  3:46  Probe (Chrono Boost)  
  29  3:51  Probe (Chrono Boost)  
  30  3:56  Probe (Chrono Boost)  
  30  3:59  Probe (Chrono Boost)  
  30  4:01  Robotics Facility  
  30  4:02  Gateway  
  31  4:07  Stalker  
  33  4:10  Probe  
  33  4:11  Sentry  
  36  4:19  Probe  
  36  4:22  Probe  
  38  4:31  Probe  
  38  4:34  Probe  
  40  4:43  Probe (Chrono Boost)  
  41  4:49  Probe (Chrono Boost)  
  42  4:55  Probe (Chrono Boost)  
  42  4:57  Observer  
  45  5:02  Probe x2 (Chrono Boost)  
  46  5:08  Assimilator  
  46  5:12  Assimilator  
  46  5:14  Pylon  
  46  5:31  Pylon, Warp Prism (Chrono Boost)  
  46  5:32  Probe x2  
  50  5:42  Pylon  
  50  5:44  Probe  
  51  5:50  Gateway  
  51  5:51  Gateway  
  51  5:53  Gateway  
  51  5:56  Gateway, Probe  
  52  5:58  Twilight Council  
  52  6:05  Immortal (Chrono Boost)  
  52  6:08  Probe  
  57  6:23  Stalker  
  57  6:24  Zealot  
  57  6:25  Zealot  
  63  6:34  Robotics Facility  
  63  6:45  Blink (Chrono Boost)  
  63  6:48  Robotics Bay  
  63  7:02  Zealot x3  
  67  7:27  Pylon  
  67  7:28  Pylon  
  67  7:36  Extended Thermal Lance (Chrono Boost)  
  67  7:42  Colossus (Chrono Boost), Pylon  
  69  7:45  Pylon  
  69  7:50  Colossus (Chrono Boost)  
  75  7:51  Stalker x2  
  75  7:52  Stalker x3  
  75  7:58  Pylon  
  85  8:00  Pylon  
  85  8:02  Pylon  
  85  8:37  Protoss Ground Weapons Level 2 (Chrono Boost)  
  85  8:39  Colossus (Chrono Boost)  
  85  8:40  Colossus (Chrono Boost)  
  87  8:48  Stalker  
  89  9:06  Sentry x3  
  89  9:07  Sentry x3  
  89  9:09  Nexus  
  101  9:12  Pylon  
  101  9:15  Pylon  
  101  9:28  Immortal x2  
  109  9:42  Stalker x2  
  109  9:43  Stalker  
  115  9:58  Stalker  
  115  9:59  Stalker  
  119  10:00  Sentry  
  119  10:01  Pylon  
  121  10:09  Pylon  
  121  10:49  Immortal x2 (Chrono Boost)  
  125  11:16  Probe x3  
  128  11:18  Assimilator  
  128  11:20  Assimilator  
  128  11:21  Colossus (Chrono Boost), Immortal (Chrono Boost)  
  138  11:25  Templar Archives  
  138  11:56  Colossus, Charge (Chrono Boost)  
  144  12:25  Warp Prism  
  144  12:48  Forge  
  144  12:49  Forge  
  144  12:50  Warp Prism  
  112  13:19  Stalker  
  114  13:20  Stalker x3  
  114  13:22  Stalker x2  
  114  13:23  Protoss Ground Armor Level 1 (Chrono Boost), Protoss Ground Weapons Level 3 (Chrono Boost), High Templar  
  126  13:29  Gateway  
  126  13:31  Psionic Storm  
  126  13:32  Gateway  
  126  13:34  Gateway  
  126  13:50  Stalker  
  126  13:51  Stalker x4  
  126  13:54  Zealot  
  136  14:05  Pylon  
  136  14:08  Pylon  
  136  14:23  Zealot x5  
  146  14:38  High Templar x2  
  146  14:52  Stalker x3  
  148  14:53  Stalker  
  148  14:55  High Templar  
  154  15:21  Protoss Ground Armor Level 2 (Chrono Boost)  
  154  15:26  Sentry x4  
  154  15:27  Zealot x3  
  138  16:08  Stalker x4  
  138  16:09  Zealot x3  
  138  16:10  Zealot  
  154  16:32  Zealot x5  
  156  16:54  Zealot  
  156  16:55  Zealot x4  
  156  17:16  High Templar x3  
  156  17:17  Zealot x3, High Templar  
  156  17:18  Zealot x3  
Show
View Real Time Build Order
Export as new Build Order

LaserGurkan Zerg 

Build Orders: Pool First 

Get SALT Encoding   

  12  0:01  Drone  
  13  0:09  Drone  
  14  0:16  Overlord  
  14  0:31  Extractor  
  14  0:32  Drone  
  14  0:35  Drone x2  
  17  0:52  Spawning Pool, Drone  
  17  1:00  Drone  
  18  1:10  Overlord  
  18  1:26  Hatchery, Drone  
  18  1:32  Drone  
  19  1:34  Extractor  
  18  1:40  Zergling x2  
  19  1:48  Queen  
  21  2:00  Drone x2  
  23  2:10  Drone  
  24  2:37  Drone  
  24  2:40  Queen  
  24  2:43  Hatchery  
  26  2:48  Drone x2  
  28  2:57  Roach Warren  
  26  3:03  Drone  
  26  3:05  Drone  
  28  3:06  Drone  
  29  3:17  Drone x3  
  32  3:24  Drone x2  
  34  3:31  Overlord  
  34  3:40  Overlord, Drone  
  34  3:42  Extractor  
  33  3:48  Spine Crawler  
  33  3:49  Drone  
  33  3:52  Drone x3  
  36  3:59  Queen  
  36  4:01  Drone  
  39  4:06  Drone x2  
  41  4:10  Overlord  
  41  4:19  Lair  
  41  4:22  Metabolic Boost  
  41  4:23  Drone  
  42  4:28  Roach x2  
  42  4:30  Drone  
  47  4:38  Drone x4  
  50  4:41  Overlord  
  51  4:51  Roach x3  
  57  4:54  Drone  
  57  4:59  Spine Crawler  
  57  5:05  Drone  
  58  5:08  Roach x4  
  58  5:13  Overlord  
  66  5:23  Hydralisk Den  
  66  5:24  Overlord  
  66  5:25  Overlord  
  65  5:28  Drone  
  65  5:34  Drone x5  
  65  5:35  Overlord, Drone  
  72  5:45  Drone x3  
  72  5:46  Drone x3  
  78  5:54  Pneumatized Carapace  
  78  5:56  Grooved Spines  
  78  5:57  Hydralisk x2  
  78  5:58  Hydralisk  
  78  6:04  Extractor  
  83  6:05  Drone x2, Extractor  
  83  6:09  Spore Crawler  
  83  6:14  Spore Crawler  
  83  6:15  Drone  
  83  6:16  Drone x3  
  86  6:18  Queen  
  86  6:22  Hydralisk x2  
  86  6:25  Overlord  
  92  6:37  Hydralisk x2  
  96  6:50  Evolution Chamber, Extractor  
  96  6:51  Evolution Chamber, Hydralisk x4, Extractor  
  100  6:54  Overlord x3  
  100  7:02  Burrow  
  98  7:11  Hydralisk  
  98  7:15  Queen  
  97  7:23  Overlord  
  97  7:24  Overlord  
  97  7:26  Drone  
  98  7:34  Zerg Missile Weapons Level 1  
  98  7:37  Hydralisk x2  
  102  7:45  Roach x3  
  102  7:48  Zergling x2  
  102  7:49  Zergling x20  
  102  7:51  Drone x3  
  122  8:16  Baneling Nest  
  117  8:26  Roach x8  
  125  8:43  Drone x2  
  125  8:44  Drone x3  
  130  8:54  Roach x2  
  130  8:55  Roach  
  136  8:58  Hatchery  
  135  9:08  Hydralisk  
  137  9:13  Overlord x3  
  137  9:23  Drone  
  138  9:24  Overlord  
  138  9:25  Overlord  
  138  9:34  Drone x2  
  138  9:35  Drone x4  
  144  9:43  Muscular Augments  
  144  9:46  Zerg Missile Weapons Level 2  
  144  9:50  Overlord x2  
  144  9:54  Hydralisk  
  144  9:55  Hydralisk x4  
  144  9:56  Hydralisk  
  156  10:08  Spine Crawler x2  
  156  10:10  Spine Crawler  
  156  10:11  Drone x4  
  156  10:14  Drone, Spine Crawler  
  156  10:16  Roach  
  156  10:18  Roach  
  161  10:23  Zerg Ground Armor Level 1  
  161  10:29  Infestation Pit  
  161  10:31  Centrifical Hooks  
  158  10:46  Roach x5  
  158  10:47  Roach  
  155  11:03  Ravager, Overseer  
  152  11:04  Ravager x5  
  152  11:05  Drone  
  152  11:09  Roach x6  
  152  11:10  Roach  
  166  11:16  Queen  
  166  11:17  Overlord  
  168  11:37  Drone x2  
  168  11:38  Drone x4  
  174  11:41  Baneling x3  
  174  11:42  Baneling x3  
  174  11:43  Ravager x2  
  174  11:44  Ravager x2  
  178  11:50  Drone x4  
  182  11:55  Overlord  
  182  11:56  Overlord x2  
  182  11:58  Drone  
  182  11:59  Drone x4  
  187  12:05  Pathogen Glands  
  187  12:06  Drone  
  188  12:15  Spire  
  185  12:21  Roach x7  
  176  12:38  Drone  
  176  12:40  Roach  
  176  12:41  Roach x10  
  196  12:49  Zerg Ground Armor Level 2  
  130  13:08  Drone  
  130  13:10  Roach x9  
  130  13:11  Roach x3  
  118  13:17  Infestor  
  109  13:20  Drone x2  
  111  13:33  Roach x4  
  119  13:36  Corruptor x2  
  119  13:41  Queen  
  123  13:47  Drone x2  
  123  13:48  Drone x2  
  129  13:50  Extractor  
  128  13:58  Corruptor x2  
  128  13:59  Corruptor x3  
  138  14:06  Queen  
  138  14:09  Roach x3  
  146  14:15  Hatchery, Zerg Melee Weapons Level 1  
  136  14:25  Roach  
  136  14:26  Roach x4  
  145  14:34  Roach  
  145  14:35  Roach x2  
  134  14:47  Roach x4  
  142  15:04  Drone x3  
  142  15:05  Drone x2  
  147  15:12  Roach x4  
  153  15:37  Hydralisk x10  
  163  15:56  Roach  
  127  15:57  Roach x2  
  127  16:03  Drone x6  
  127  16:04  Drone x3  
  100  16:15  Roach  
  100  16:16  Roach  
  104  16:31  Spine Crawler  
  115  16:50  Extractor  
  115  16:52  Spore Crawler  
  115  16:53  Extractor  
  112  16:58  Spine Crawler x2  
  120  17:01  Roach x10  
  127  17:15  Roach x4  
  120  17:36  Roach x6  
Tags
 
Matchup
PvZ
Opening
Pool First
Replay Pack
Multi
Spawn Locations
Cross Positions
Add a new tag
Caveats
  • Supply blocks, unpowered buildings, or Contaminate may cause inaccurate times.
  • Supply counts are checked every 10 seconds.